cohdb
Replays
Latest Replays
All Replays
Popular Replays
Top Player Replays
Match Explorer
How It Works
Community
CoH3 Stats
Reddit
Sign in to upload your games and track your stats! →
Sign in with Steam
Match 44294023
Unlisted
Match 44294023
Overview
Messages
Build Orders
End
Engineer Squad
Construct Weapon Support Center
Selects Special Operations Battlegroup
M1919 Machine Gun Team
M1919 Machine Gun Team
Bazooka Squad
Infantry Support Center
Selects Smoke Screen
Construct Motor Pool
Selects SSF Commando Squad
M8 Greyhound Armored Car
SSF Commando Squad
SSF Commando Squad
Selects M29 Weasel Recon Vehicle
Survival Training
Advanced Logistics
Selects P-47 Anti-Infantry Loiter
P-47 Anti-Infantry Loiter
Construct Tank Depot
Bazooka Squad
Improved M9 Bazooka Rockets
M4A1 Sherman Medium Tank
Selects UNKNOWN (2162291)
Selects Assault Operation
P-47 Anti-Infantry Loiter
Symbiosis
CAuMOH
ST Hélios | No Game No Life
Bradare
0
0
Comments
sign in to comment!
No comments posted yet!